cohdb
Replays
Latest Replays
All Replays
Popular Replays
Top Player Replays
Match Explorer
How It Works
Community
CoH3 Stats
Reddit
Sign in to upload your games and track your stats! →
Sign in with Steam
Match 27760397
Unlisted
Match 27760397
Overview
Messages
Build Orders
End
Construct Infanterie Kompanie
Pioneer Squad
Grenadier Squad
Selects Breakthrough Battlegroup
MG 42 Machine Gun Team
Grenadier Squad
Selects Assault Grenadiers
Grenadier Squad
Infanterie Officer Quarters
Construct Panzergrenadier Kompanie
251 Medium Carrier
Pak 40 Anti-tank Gun Team
Selects Breakthrough
Selects Mechanized Assault Group
Mechanized Assault Group
Pak 40 Anti-tank Gun Team
InSaNiedi
Ra11
☦Ashur
definitely not zulu
0
0
Comments
sign in to comment!
No comments posted yet!